 Dungeon Crawl Stone Soup version 0.31.0-12-g77e489cdc1 (webtiles) character file.

Game seed: 3146602128846303460

85 hawla the Ducker (level 4, -4/40 HPs)
             Began as a Minotaur Monk on Feb 11, 2024.
             Slain by Crazy Yiuf
             ... wielding a +3 quarterstaff of chaos
              (7 damage)
             ... on level 2 of the Dungeon.
             The game lasted 00:03:29 (1885 turns).

hawla the Ducker (Minotaur Monk)                    Turns: 1885, Time: 00:03:29

Health: -4/40      AC:  5    Str: 15    XL:     4   Next: 25%
Magic:  2/3        EV: 12    Int:  7    God:
Gold:   71         SH:  0    Dex: 15    Spells: 3/3 levels left

rFire   . . .        a - +0 falchion
rCold   . . .        d - orb {light}
rNeg    . . .        j - +0 ring mail
rPois   .            (helmet restricted)
rElec   .            (no cloak)
rCorr   .            (no gloves)
SInv    .            (no boots)
Will    .....        (no amulet)
Stlth   +            (no ring)
HPRegen 0.26/turn    (no ring)
MPRegen 0.08/turn

%: no passive effects
@: mighty, about to teleport, weakened, glowing
A: horns 2, retaliatory headbutt
a: no special abilities


You were on level 2 of the Dungeon.
You visited 1 branch of the dungeon, and saw 3 of its levels.

You collected 71 gold pieces.

Inventory:

Hand Weapons
 a - a +0 falchion (weapon)
Missiles
 e - 3 poisoned darts (quivered)
Armour
 d - an orb of light (worn)
 j - a +0 ring mail (worn)
 n - the +2 robe of Vysmieto {-Cast rElec rF+}
   (You found it on level 2 of the Dungeon)

   rF+:       It protects you from fire.
   rElec:     It insulates you from electricity.
   -Cast:     It prevents spellcasting.
 p - the orb "Iselest" {light, rPois Will++ Int-5 Ice}
   (You found it on level 2 of the Dungeon)

   Int-5:     It affects your intelligence (-5).
   rPois:     It protects you from poison Will++: It greatly increases your
   willpower.
   Ice:       It increases the power of your Ice spells.
Wands
 o - a wand of roots (8)
Scrolls
 f - a scroll of enchant weapon {unknown}
 k - a scroll of teleportation
 m - a scroll of torment {unknown}
Potions
 b - a potion of mutation {unknown}
 c - a potion of ambrosia
 h - a potion of heal wounds
 i - a potion of haste {unknown}
 l - a potion of cancellation {unknown}


   Skills:
 - Level 4.0 Fighting
 - Level 3.6 Long Blades
 + Level 2.4 Throwing
 + Level 4.5 Dodging


You had 3 spell levels left.
You didn't know any spells.
Your spell library was empty.

Dungeon Overview and Level Annotations

Branches:
Dungeon (3/15)

Altars:

Annotations:
D:2 Crazy Yiuf


Innate Abilities, Weirdness & Mutations

You have a pair of horns on your head.
You reflexively headbutt those who attack you in melee.


Message History

Could not explore, unopened runed door.
You open the door. You hit Crazy Yiuf but do no damage.
Your headbutt misses Crazy Yiuf.
Crazy Yiuf says, "Sif Muna tea unthinkable!"
Crazy Yiuf hits you with a +3 quarterstaff of chaos.
You feel your power leaking away.
You hit Crazy Yiuf but do no damage. Crazy Yiuf closely misses you.
You furiously retaliate!
You headbutt Crazy Yiuf. You barely miss Crazy Yiuf. You headbutt Crazy Yiuf!
Crazy Yiuf is heavily wounded.
Crazy Yiuf hits you with a +3 quarterstaff of chaos.
Crazy Yiuf burns you.
You hit Crazy Yiuf but do no damage.
Crazy Yiuf is heavily wounded.
Crazy Yiuf yells, "Cake!"
Crazy Yiuf hits you with a +3 quarterstaff of chaos!
You hit Crazy Yiuf. Your headbutt misses Crazy Yiuf.
Crazy Yiuf is severely wounded.
Crazy Yiuf hits you with a +3 quarterstaff of chaos!
* * * LOW HITPOINT WARNING * * *
Crazy Yiuf draws strength from your wounds!
It was a potion of might.
You feel very mighty all of a sudden.
Crazy Yiuf hits you with a +3 quarterstaff of chaos!
* * * LOW HITPOINT WARNING * * *
You feel your attacks grow feeble.
It was a potion of heal wounds.
You feel much better.
Crazy Yiuf hits you with a +3 quarterstaff of chaos!
* * * LOW HITPOINT WARNING * * *
Crazy Yiuf burns you.
* * * LOW HITPOINT WARNING * * *
As you read the scroll labelled QOGUIL LOZANG, it crumbles to dust.
You feel strangely unstable.
It was a scroll of teleportation.
Crazy Yiuf hits you with a +3 quarterstaff of chaos.
* * * LOW HITPOINT WARNING * * *
Crazy Yiuf freezes you.
* * * LOW HITPOINT WARNING * * *
Crazy Yiuf attacks as he pursues you!
Crazy Yiuf hits you with a +3 quarterstaff of chaos!
You die...

##♣♣♣♣♣
###...♣.♣♣♣ ###
##......♣.@♣#...#
#......♣♣♣♣g'...#
#### ##..#..♣♣
♣♣#..)# ...#
#..###♣♣ ###
...###.###
.........#
.........#######
###
...............#
#.#
...............#
#.#


You could see Crazy Yiuf.

Vanquished Creatures
  3 adders (D:2)
  A ribbon worm (D:2)
  A dart slug (D:1)
  6 endoplasms
  4 giant cockroaches
  7 goblins
  9 hobgoblins
  4 kobolds
  4 ball pythons (D:2)
  5 bats
  A frilled lizard (D:1)
  5 rats
50 creatures vanquished.

Notes
Turn   | Place    | Note
-------+----------+-------------------------------------------
     0 | D:1      | hawla the Minotaur Monk began the quest for the Orb.
     0 | D:1      | Reached XP level 1. HP: 19/19 MP: 0/0
   271 | D:1      | Reached XP level 2. HP: 26/27 MP: 1/1
   322 | D:1      | Reached skill level 1 in Throwing
   657 | D:2      | Reached XP level 3. HP: 22/33 MP: 2/2
   852 | D:2      | Identified the orb "Iselest" {light, rPois Will++ Int-5
                  | Ice}
  1030 | D:2      | Reached XP level 4. HP: 33/40 MP: 3/3
  1166 | D:2      | Identified the +2 robe of Vysmieto {-Cast rElec rF+}
  1324 | D:2      | Found a faded altar of an unknown god.
  1335 | D:2      | You fall into a shaft and drop 1 floor!
  1487 | D:2      | Found a runed translucent door.
  1488 | D:2      | Noticed Crazy Yiuf
  1882 | D:2      | HP: 1/40 [Crazy Yiuf/+3 quarterstaff of chaos (10)]
  1885 | D:2      | Slain by Crazy Yiuf

Illustrated notes

Levels and vault maps discovered:
D:1:      lightli_arrival_flooded_house, layout_loops_ring
D:2:      layout_basic, dreamdust_ecumenical_altar_statues, grunt_ministairs_4,
          st_stairs_5, kennysheep_generic_room_7, uniq_crazy_yiuf_cottage
D:3:      layout_basic, mainiacjoe_overflow_concentric_impassable,
          kennysheep_another_room, minmay_misc_feat_plants, minmay_cupped

Skill      XL: |  1  2  3 |
---------------+----------+-----
Fighting       | 4 |  4.0
Throwing       | 1 2 |  2.4
Dodging        | 4 |  4.5
Long Blades    | |  3.6

Action                     |  1- 3 |  4- 6 || total
---------------------------+-------+-------++-------
  Melee: Falchion          |    79 |    20 ||    99
         Headbutt          |    17 |     5 ||    22
    Use: Potion            |       |     2 ||     2
         Scroll            |       |     1 ||     1
 Armour: Robe              |    18 |       ||    18
         Ring mail         |    26 |    16 ||    42
  Dodge: Dodged            |    39 |     7 ||    46
